[Event "*** SCC Grand Prix: Titled Tuesday Blitz"]
[Site "Chess.com"]
[Date "2020.09.29"]
[Round "2"]
[White "DariaVoit"]
[Black "abykhovsky"]
[Result "0-1"]
[WhiteElo "2476"]
[BlackElo "2731"]
[TimeControl "180+1"]
[EndTime "10:18:11 PDT"]
[Termination "abykhovsky won by resignation"]

1. f4 d5 2. Nf3 g6 3. e3 Bg7 4. d4 Nh6 5. c4 dxc4 6. Bxc4 O-O 7. O-O c5 8. d5 Nd7 9. Nc3 Nb6 10. Qb3 Nxc4 11. Qxc4 e6 12. Qxc5 exd5 13. Nxd5 b6 14. Qc6 Ba6 15. Rd1 Rc8 16. Qa4 Be2 17. Rd2 Bxf3 18.
gxf3 Qh4 19. Qd1 Nf5 20. a4 Rfe8 21. Ra3 h6 22. Rad3 Kh7 23. Rg2 Rc5 24. e4 Nd4 25. Be3 Rec8 26. Nc3 Ne6 27. Rg4 Qh3 28. e5 Rc4 29.
Qf1 Qxf1+ 30. Kxf1 h5 31. Rg2 Nxf4 32. Bxf4 Rxf4 33. Re2 Re8 34. Rde3 Rf5 35. Nb5 Rexe5 36. Rxe5 Rxe5 37. Rxe5 Bxe5 38. Nxa7 Bxh2 39. Nc8 Bc7 40. b4 Kg7 41. Ne7 Kf8 42. Nc6 Bd8 43. a5 bxa5 44.
bxa5 Bxa5 45. Nxa5 Ke7 46. Kf2 Ke6 47. Ke3 Kf5 48. Nc4 h4 49. Nd6+ Ke6 50. Ne4 f6 51. Kf4 g5+ 52. Ke3 Kf5 53. Nd6+ Ke5 54. Nc4+ Kd5 55. Nd2 Ke5 56. Nf1 f5 57. Nh2 Kd5 58. Kf2 Ke5 59. Ke3 Kf6 60. Nf1 Ke6 61. Nh2 Ke5 62. Nf1 g4 63. Ng3 f4+ 64. Ke2 gxf3+ 65. Kxf3 hxg3 66. Kg2 Ke4 0-1

[Event "*** SCC Grand Prix: Titled Tuesday Blitz"]
[Site "Chess.com"]
[Date "2020.09.29"]
[Round "2"]
[White "boasovietica"]
[Black "pavelalexandru07"]
[Result "1-0"]
[WhiteElo "2438"]
[BlackElo "2247"]
[TimeControl "180+1"]
[EndTime "10:18:12 PDT"]
[Termination "boasovietica won by resignation"]

1. e4 c5 2. Nf3 d6 3. d4 cxd4 4.
Nxd4 Nf6 5. Nc3 a6 6. Be3 e5 7. Nf3 h6 8. Nd2 Be6 9. Nc4 Bxc4 10. Bxc4 Be7 11. O-O Nbd7 12. a4 Rc8 13. Ba2 O-O 14. Re1 Nc5 15. Qf3 Qc7 16. Rad1 Qc6 17. Bc1 Nxa4 18.
Bd5 Nxd5 19. Nxd5 Qd7 20. Qg3 Kh7 21. c3 Bd8 22. Ne3 g6 23. Ng4 h5 24. Nxe5 Qe6 25.
Nf3 Nc5 26. Bg5 Bc7 27. Bf4 Kg8 28. Bxd6 Bxd6 29. Rxd6 Nxe4 30. Rxe6 Nxg3 31. Re7 Nf5 32. Rxb7 Rb8 33. Rxb8 Rxb8 34. b4 Nd6 35. Ra1 Ne4 36. Ra3 Rc8 37. h3 Nxc3 38. Rxa6 Rb8 39. Rc6 Nd5 40.
Rd6 Nxb4 41. Rd7 Nc6 42. Ng5 Rf8 43. f4 Nd8 44. Kf2 Ne6 45. Nxe6 fxe6 46. Ke3 Rf5 47. Ke4 Rf8 48. Re7 Rf6 49. g4 hxg4 50. hxg4 Kf8 51. Ra7 Rf7 52. Rxf7+ Kxf7 53. Ke5 Ke7 54. g5 Kf7 55.
Kd6 Kf8 56. Kxe6 Kg7 57. Ke7 Kh7 58. Kf6 Kg8 59. Kxg6 Kf8 60. f5 Ke8 1-0

[Event "*** SCC Grand Prix: Titled Tuesday Blitz"]
[Site "Chess.com"]
[Date "2020.09.29"]
[Round "2"]
[White "AliKa2810"]
[Black "sergoy"]
[Result "1-0"]
[WhiteElo "2560"]
[BlackElo "2848"]
[TimeControl "180+1"]
[EndTime "10:18:13 PDT"]
[Termination "AliKa2810 won by resignation"]

1. d4 Nf6 2. c4 e6 3. Nf3 d5 4. Nc3 c6 5. Bg5 h6 6. Bh4 dxc4 7. e4 g5 8. Bg3 b5 9. Be2 Bb7 10. e5 Nd5 11. O-O Nxc3 12. bxc3 Nd7 13. a4 a6 14. Ne1 c5 15. f4 cxd4 16. cxd4 Nb6 17. Bh5 Qd5 18. fxg5 O-O-O 19. Rxf7 Bc5 20. Bf2 Bxd4 21.
Qxd4 Qxd4 22. Bxd4 Rxd4 23. g6 Rg8 24. axb5 axb5 25.
Nf3 Rd7 26. Rb1 Bc6 27. h4 Na4 28. Rxd7 Bxd7 29. Nd4 Nc3 30. Ra1 Kb7 31. Bf3+ Kb6 32. h5 Kc5 33. Ra7 Kxd4 34. Rxd7+ Kxe5 35. Rb7 Kd4 36. Bc6 Kc5 37. Bd7 Rg7 38. Bc8 Rg8 39. Bxe6 Re8 40. g7 b4 41. g8=Q Rxg8 42. Bxg8 Nb5 43. Rb8 c3 44. Kf2 Nd4 45. Rc8+ Kb5 46. Ke3 Nf5+ 47. Kd3 Nd6 48. Rb8+ Kc5 49. Kc2 Nb5 50. g4 Nd4+ 51. Kd3 Nf3 52. Be6 Ne5+ 53. Kc2 Nf3 54. Rc8+ Kd6 55. Bc4 Kd7 56. Rb8 Kc6 57.
Rxb4 1-0

[Event "*** SCC Grand Prix: Titled Tuesday Blitz"]
[Site "Chess.com"]
[Date "2020.09.29"]
[Round "2"]
[White "Kira170"]
[Black "valeriocarnicelli"]
[Result "1-0"]
[WhiteElo "2793"]
[BlackElo "2506"]
[TimeControl "180+1"]
[EndTime "10:18:13 PDT"]
[Termination "Kira170 won by resignation"]

1. d4 Nf6 2. Nc3 d5 3. Bf4 a6 4. e3 e6 5. g4 c5 6. g5 Nfd7 7. Qf3 Nc6 8. Nge2 b5 9. h4 b4 10.
Na4 c4 11. Bh3 Nb6 12. Nxb6 Qxb6 13. h5 Bd7 14. Qg3 O-O-O 15. b3 Qb5 16. Bd6 Bxd6 17. Qxd6 Qb8 18. Qxb8+ Kxb8 19. a3 a5 20. axb4 axb4 21. bxc4 dxc4 22. Bg2 Kc7 23. O-O Ra8 24. Rab1 Ra5 25.
Bxc6 Bxc6 26. Rxb4 Rxg5+ 27. Ng3 g6 28. h6 Rb8 29. Rxc4 Kd6 30. Ra1 Rgb5 31. Ra6 R5b6 32. Rxb6 Rxb6 33. f3 f5 34. Kf2 Rb1 35. Rc5 Rb2 36. e4 Ba4 37. Ke3 Rxc2 38. Ra5 Bc6 39.
Ra7 Bd7 40. e5+ Ke7 41. Ne2 g5 42. d5 exd5 43. Nd4 Rc3+ 44. Kd2 Rc4 45. Nxf5+ Ke6 46.
Ng7+ Kxe5 47. Rxd7 Kf4 48. Rf7+ Kg3 49. Ne6 Rc6 50.
Nxg5 Rxh6 51. Nxh7 Rh2+ 52. Ke3 Rh3 53. Rg7+ Kh2 54.
Nf6 d4+ 55. Ke4 d3 56. Rd7 Kg2 57. f4 Kf2 58. Rxd3 Rh4 59. Ke5 Ke2 60. Ra3 Rh6 61. f5 1-0

[Event "*** SCC Grand Prix: Titled Tuesday Blitz"]
[Site "Chess.com"]
[Date "2020.09.29"]
[Round "2"]
[White "chessfrendz"]
[Black "Legendinunknown"]
[Result "1-0"]
[WhiteElo "2329"]
[BlackElo "2632"]
[TimeControl "180+1"]
[EndTime "10:18:13 PDT"]
[Termination "chessfrendz won by checkmate"]

1. d4 Nf6 2. Nf3 d5 3. e3 c5 4. c4 e6 5. cxd5 exd5 6. Nc3 Nc6 7. Be2 Bg4 8. O-O Be7 9. dxc5 Bxc5 10. Nd4 Bxe2 11. Ncxe2 O-O 12. b3 Ne4 13. Bb2 Rc8 14.
Rc1 Bd6 15. Nf5 Be5 16. Bxe5 Qg5 17. Bxg7 Rfd8 18. Ned4 Nxd4 19. Rxc8 Rxc8 20. Bxd4 Qxf5 21. Bxa7 Ra8 22. Qd4 Nd6 23. Bc5 Ne4 24. Bb4 Rxa2 25. Qb6 Rxf2 26. Qd8+ Kg7 27. Qf8+ Kg6 28. Qg8+ Kh5 29.
g4+ Qxg4+ 30. Qxg4+ Kxg4 31. Rxf2 Nxf2 32. Kxf2 Kf5 33.
Bd6 Ke4 34. Bc5 f5 35. Kg3 Kd3 36. Kf4 Kc3 37. Kxf5 Kxb3 38. Ke5 Kc4 39. Bd4 b5 40. h4 b4 41. h5 b3 42. h6 Kd3 43. Kxd5 b2 44.
Bxb2 Kxe3 45. Ke5 Kd3 46. Kf5 Kc4 47. Kf6 Kd5 48. Kg7 Ke6 49. Kxh7 Kf7 50. Bc3 Ke6 51.
Kg7 Kd5 52. h7 Kc4 53. Ba1 Kb3 54. h8=Q Ka2 55. Qa8+ Kb3 56. Qc6 Kb4 57. Bc3+ Kb3 58. Bd4 Kb4 59. Kf6 Kb3 60. Qc3+ Ka4 61. Qb2 Ka5 62. Bc5 Ka4 63. Qb4# 1-0

[Event "*** SCC Grand Prix: Titled Tuesday Blitz"]
[Site "Chess.com"]
[Date "2020.09.29"]
[Round "2"]
[White "stefy02"]
[Black "Shuvalov"]
[Result "1/2-1/2"]
[WhiteElo "2243"]
[BlackElo "2421"]
[TimeControl "180+1"]
[EndTime "10:18:13 PDT"]
[Termination "Game drawn by repetition"]

1. e4 e6 2. d4 d5 3. Nd2 c5 4. exd5 exd5 5. Bb5+ Nc6 6. Ngf3 Bd6 7.
dxc5 Bxc5 8. O-O Ne7 9. Nb3 Bb6 10. Bg5 O-O 11. Re1 f6 12. Bf4 Nf5 13. a4 a6 14.
Bd3 Nd6 15. c3 Bg4 16. Bc2 Nc4 17. Qd3 g6 18. Nh4 Nxb2 19. Qg3 Qd7 20. h3 Bh5 21. Nf5 Rfe8 22. Nh6+ Kg7 23. Bf5 Qd8 24. Be6 Re7 25.
Nf5+ Kh8 26. Nxe7 Qxe7 27. Bg4 Qg7 28. Bxh5 gxh5 29. Qh4 Nd3 30. Re2 Rg8 31. Bg3 Nce5 32. Nd4 Bxd4 33. cxd4 Ng6 34. Qxh5 Ngf4 35. Qf3 Nxe2+ 36.
Qxe2 Nf4 37. Qf3 Ng6 38. Re1 Qf7 39. Qe3 Kg7 40. Qe6 Qxe6 41. Rxe6 Rc8 42. Rb6 Rc1+ 43. Kh2 Rc4 44. Rxb7+ Kg8 45. a5 Rxd4 46. Rb6 Ra4 47.
Rxa6 Kf7 48. Ra7+ Ke6 49. a6 d4 50. Ra8 Ne7 51. a7 d3 52. Rd8 Rxa7 53. Rxd3 Kf7 54. Re3 Nf5 55. Rf3 Nxg3 56. Kxg3 Kg6 57. Re3 Ra5 58.
Kf3 Ra4 59. Kg3 Ra5 60. Kf3 Ra4 61. Kg3 Ra5 1/2-1/2

[Event "*** SCC Grand Prix: Titled Tuesday Blitz"]
[Site "Chess.com"]
[Date "2020.09.29"]
[Round "2"]
[White "daro94"]
[Black "Gusarov91"]
[Result "1/2-1/2"]
[WhiteElo "2940"]
[BlackElo "2593"]
[TimeControl "180+1"]
[EndTime "10:18:14 PDT"]
[Termination "Game drawn by repetition"]

1. c4 Nf6 2. g3 g6 3. Bg2 Bg7 4. Nc3 O-O 5. Nf3 c5 6. O-O Nc6 7. d4 cxd4 8. Nxd4 Nxd4 9. Qxd4 d6 10. Qd3 Qa5 11. Bd2 Bf5 12. e4 Be6 13. Nd5 Qd8 14. Rfe1 Nd7 15. Bc3 Nc5 16. Qd2 Bxc3 17. Qxc3 Bxd5 18.
exd5 a5 19. Re3 b6 20. Rae1 Ra7 21. h4 f6 22. b3 Rf7 23. Bh3 f5 24. f4 Qf8 25. Kh2 Qg7 26. Qc2 h5 27. R1e2 Qa1 28.
Re1 Qd4 29. Bg2 Kh7 30. Bf3 Rg7 31.
Qe2 Qf6 32. Qd2 Kg8 33. Bg2 Kf8 34. Qf2 Rb7 35. a3 Ra7 36. b4 axb4 37. axb4 Nd7 38.
Re6 Qc3 39. Bf1 Nf6 40. Kg2 Qxb4 41. Qe2 Qb3 42. Rxf6+ Kg8 43. Qe6+ Kh7 44. Rf7 Ra2+ 45. Re2 Qxc4 46. Rxg7+ Kxg7 47. Qxe7+ Kh6 48. Qf8+ Kh7 49. Qe7+ Kh6 50. Rxa2 Qxd5+ 51. Kg1 Qxa2 52. Qxd6 Qb2 53. Qd3 Qf6 54. Be2 Qc6 55. Kf2 Qc5+ 56. Qe3 Qc6 57.
Qe5 Kh7 58. Qb5 Qd6 59. Qd3 Qc5+ 60. Qe3 Qc6 61. Qe7+ Kh6 62. Qe5 Kh7 63. Bf3 Qc2+ 64. Kg1 Qc1+ 65. Kg2 Qc2+ 66. Kh3 Qb1 67. Bd5 Qf1+ 68.
Bg2 Qb1 69. Qc7+ Kh6 70. Qd8 Kh7 71. Qc7+ Kh6 72. Qb8 Kh7 73. Qb7+ Kh6 74. Qa8 Kh7 75. Qa7+ Kh6 76. Qa4 b5 77. Qd4 Kh7 78. Bd5 Qf1+ 79. Kh2 Qe2+ 80. Kh3 Qf1+ 81. Bg2 Qb1 82. Qd7+ Kh6 83.
Qd8 Kh7 84. Qc7+ Kh6 85. Qb8 Kh7 86. Qb7+ Kh6 87. Qa8 Kh7 88. Qa7+ Kh6 89. Qd4 Kh7 1/2-1/2

[Event "*** SCC Grand Prix: Titled Tuesday Blitz"]
[Site "Chess.com"]
[Date "2020.09.29"]
[Round "2"]
[White "kidagent"]
[Black "Nastya_Rakhmangulova"]
[Result "0-1"]
[WhiteElo "2272"]
[BlackElo "2445"]
[TimeControl "180+1"]
[EndTime "10:18:15 PDT"]
[Termination "Nastya_Rakhmangulova won by resignation"]

1. e4 d5 2. exd5 Qxd5 3. Nc3 Qd6 4. Nf3 Nf6 5. Be2 a6 6. O-O b5 7. d4 Bb7 8. Bg5 Nbd7 9. Bh4 e6 10. Bg3 Qb6 11.
Qd2 Bb4 12. a3 Ne4 13. Qe3 Bxc3 14. bxc3 Nxg3 15. hxg3 O-O 16. Bd3 Nf6 17. Ne5 Rad8 18. g4 g6 19. Rae1 Nd5 20. Qd2 Qa5 21. Be4 Ba8 22.
Bxd5 Rxd5 23. Re3 Rfd8 24. Rh3 Rxe5 25. Qh6 Red5 26. Qxh7+ Kf8 27. Rf3 R5d7 28. Qh8+ Ke7 29. Qf6+ Kd6 30. Qe5+ Kc6 31. c4 Kb6 32. Qc5+ Kb7 33.
c3 Qb6 34. Qb4 Ka7 35. c5 Qc6 36. Rg3 Qd5 37. a4 Qc4 38. axb5 Qxb4 39. cxb4 axb5 40. Ra1+ Kb8 41. Rga3 Bb7 42. Ra5 Rxd4 43. Rxb5 Rd1+ 44. Rxd1 Rxd1+ 45. Kh2 Kc8 46. Kg3 Ra1 47. Kf4 Bc6 48. Ra5 Rxa5 49. bxa5 Bxg2 50. Ke5 Kd7 51. Kf6 Ke8 52.
f4 Bf3 53. g5 Bb7 54. Ke5 Ke7 55.
Kd4 f6 56. Kc4 Ba6+ 57. Kd4 fxg5 58. fxg5 Bb7 59. Ke5 Ba6 60. Kd4 Kd7 61. Ke5 Kc6 62. Kxe6 Kxc5 63. Kf6 Bd3 64. a6 Kb6 65. a7 Kxa7 66.
Ke5 c5 67. Kd5 c4 68. Kd4 Kb6 69. Kc3 Kc5 70. Kd2 Kd4 71. Kc1 c3 72. Kd1 Ke3 73. Kc1 c2 74. Kb2 Kd2 75. Kb3 c1=Q 0-1

[Event "*** SCC Grand Prix: Titled Tuesday Blitz"]
[Site "Chess.com"]
[Date "2020.09.29"]
[Round "2"]
[White "Srisshhhtea"]
[Black "sergeikim"]
[Result "1-0"]
[WhiteElo "2283"]
[BlackElo "2424"]
[TimeControl "180+1"]
[EndTime "10:18:17 PDT"]
[Termination "Srisshhhtea won on time"]

1. e4 e5 2. Nf3 Nc6 3. Bb5 a6 4.
Ba4 Nf6 5. O-O b5 6. Bb3 Bc5 7.
c3 d6 8. d4 Bb6 9. Be3 O-O 10. Nbd2 Bg4 11. h3 Bh5 12. Qc2 exd4 13. cxd4 Na5 14. d5 Bxe3 15. fxe3 Nxb3 16. axb3 Re8 17.
Nd4 Bg6 18. Nf5 Qd7 19. Rae1 Rac8 20. Rf4 c6 21. dxc6 Rxc6 22. Qd3 d5 23. Ref1 dxe4 24. Qxd7 Nxd7 25. Rxe4 Rxe4 26. Nxe4 Ne5 27. Ne7+ Kf8 28. Nxc6 Nxc6 29. Nc5 a5 30. Kf2 Ke7 31. Rd1 Ne5 32.
Kg3 f6 33. Nb7 Nc6 34. Rc1 Kd7 35. Ra1 Be4 36. Nxa5 Nb4 37. Rc1 g5 38. Rc5 Nd3 39. Rxb5 Nxb2 40. Nc4 Nd3 41. Nd2 Bc6 42. Rf5 Ke6 43.
Rf1 h5 44. Nc4 h4+ 45. Kh2 Nc5 46. b4 Nd3 47. Rb1 Kd5 48. Na3 Ke4 49. b5 Bb7 50.
Nc4 Kd5 51. Na5 Nc5 52. Nxb7 Nxb7 53. b6 Kc6 54. Rf1 Kxb6 55. Rxf6+ Kc5 56. Rf5+ Kd6 57. Rxg5 Ke6 58. Rg4 Nd6 59. Rxh4 Nf5 60. Rf4 Nd6 61. h4 Ke5 62. g4 1-0

[Event "*** SCC Grand Prix: Titled Tuesday Blitz"]
[Site "Chess.com"]
[Date "2020.09.29"]
[Round "2"]
[White "Grieve72"]
[Black "PauloCesarCosta_sad"]
[Result "1/2-1/2"]
[WhiteElo "2454"]
[BlackElo "2303"]
[TimeControl "180+1"]
[EndTime "10:18:20 PDT"]
[Termination "Game drawn by repetition"]

1. e4 e6 2. d4 d5 3. Nd2 Nf6 4. e5 Nfd7 5. Bd3 c5 6. c3 Nc6 7. Ne2 Qb6 8. Nf3 cxd4 9. cxd4 f6 10. exf6 Nxf6 11. O-O Bd6 12. Nc3 O-O 13. h3 Bd7 14. Na4 Qc7 15. Re1 Rae8 16. Bg5 e5 17. dxe5 Nxe5 18. Nxe5 Bxe5 19. Qb3 Bc6 20. Nc5 Qb6 21.
Qxb6 axb6 22. Nb3 Bxb2 23. Rab1 Bc3 24. Rec1 d4 25. Bd2 Be4 26. Bxe4 Nxe4 27. Bxc3 Nxc3 28.
Nxd4 Nxb1 29. Rxb1 Re4 30. Nf3 Ra8 31. Rxb6 Ra7 32.
Rd6 Rxa2 33. Rd8+ Kf7 34. Ng5+ Ke7 35. Rg8 Re1+ 36. Kh2 Kf6 37. Nxh7+ Kf7 38. Rb8 Re7 39. Ng5+ Kg6 40. Nf3 Rxf2 41. Kg3 Rb2 42. Kf4 b5 43. Ne5+ Rxe5 44. Kxe5 Rxg2 45. Rb6+ Kh7 46. Kf4 Rh2 47.
Rxb5 Rxh3 48. Kg4 Rc3 49. Rb6 Rc7 50. Rb5 Ra7 51. Rb6 Ra5 52. Kh4 g6 53. Kg4 Kh6 54.
Kh4 Ra4+ 55. Kh3 Kg5 56. Rb5+ Kh6 57. Rc5 Kh7 58. Rc6 Ra3+ 59. Kh4 Ra4+ 60. Kg5 Ra5+ 61.
Kg4 Ra4+ 62. Kg5 Ra5+ 63. Kg4 Ra4+ 64. Kg5 1/2-1/2

[Event "*** SCC Grand Prix: Titled Tuesday Blitz"]
[Site "Chess.com"]
[Date "2020.09.29"]
[Round "2"]
[White "Forantes"]
[Black "DarZay"]
[Result "1-0"]
[WhiteElo "2378"]
[BlackElo "2055"]
[TimeControl "180+1"]
[EndTime "10:18:20 PDT"]
[Termination "Forantes won on time"]

1. Nf3 Nf6 2. g3 d5 3. Bg2 g6 4. O-O Bg7 5. d4 O-O 6. c4 dxc4 7. Na3 c6 8. Nxc4 b5 9. Ncd2 Bb7 10. Nb3 Nbd7 11. Bf4 Qb6 12. Rc1 a5 13. Ne5 Rfd8 14. Nxc6 Re8 15. d5 e5 16. Be3 Qa6 17. Nc5 Nxc5 18.
Bxc5 Bxc6 19. dxc6 Rad8 20. Qc2 e4 21. c7 Rc8 22.
Bd4 Nd5 23. Bxg7 Kxg7 24. Bxe4 Rxc7 25. Qd3 Rxc1 26. Rxc1 Nb4 27. Qd4+ Qf6 28. Qxf6+ Kxf6 29. Bf3 Nxa2 30. Ra1 Nb4 31. Rxa5 Re5 32. Ra7 Nc2 33.
e3 h5 34. Rc7 Nb4 35. Be2 Na2 36. Rb7 b4 37. Bc4 Nc1 38. Rxb4 Rc5 39. Kf1 Ra5 40.
Ke1 Ra1 41. Kd2 Rb1 42. Kc2 Ra1 43. Rb6+ Kf5 44. Ra6 Rxa6 45. Bxa6 Na2 46. Kb3 Nc1+ 47. Kc3 Na2+ 48. Kc4 Ke5 49. b4 Nc1 50. Kc5 Nd3+ 51. Bxd3 Ke6 52. Kc6 Ke5 53. b5 f5 54. b6 1-0

[Event "*** SCC Grand Prix: Titled Tuesday Blitz"]
[Site "Chess.com"]
[Date "2020.09.29"]
[Round "2"]
[White "TC2304"]
[Black "Willychess95"]
[Result "1-0"]
[WhiteElo "2303"]
[BlackElo "2525"]
[TimeControl "180+1"]
[EndTime "10:18:21 PDT"]
[Termination "TC2304 won by checkmate"]

1. d4 Nf6 2. Bg5 e6 3. e4 h6 4.
Bxf6 Qxf6 5. c3 d5 6. Nd2 c5 7.
Ngf3 Nc6 8. Bb5 Bd7 9. O-O cxd4 10. Nxd4 Be7 11. exd5 exd5 12. N2b3 O-O 13. Re1 Bd6 14.
Qf3 Qg5 15. g3 Rad8 16. h4 Qg6 17. Rab1 Bb8 18. Bd3 Qd6 19. Rbd1 Ne5 20. Qg2 Rfe8 21. Bf5 Bxf5 22. Nxf5 Qf6 23. Nbd4 g6 24. Ne3 Qd6 25. Nf3 Qc5 26. Nxe5 Rxe5 27. Ng4 Rxe1+ 28. Rxe1 h5 29. Nf6+ Kg7 30. Qf3 d4 31. Ne8+ Kf8 32. Qf6 Qe5 33.
Rxe5 Bxe5 34. Qxe5 d3 35. Qe1 d2 36. Qd1 Kxe8 37.
Kf1 f6 38. Ke2 Kf8 39. c4 g5 40. b4 Ke7 41. a4 Rd4 42. Qxd2 Rxd2+ 43. Kxd2 Ke6 44.
Kd3 Ke5 45. Ke3 b6 46. f4+ gxf4+ 47. gxf4+ Kf5 48. Kf3 a5 49. bxa5 bxa5 50. c5 Ke6 51. Ke4 Kd7 52. Kd5 f5 53. c6+ Kc7 54. Kc5 Kc8 55. Kb6 Kb8 56. Kxa5 Kc7 57. Kb5 Kd6 58. Kb6 Kd5 59. c7 Ke4 60. c8=Q Kxf4 61. a5 Kg4 62. a6 Kxh4 63. a7 f4 64. a8=Q f3 65. Qd8+ Kg4 66.
Qg8+ Kf4 67. Qgf8+ Ke5 68. Qfxf3 Kd4 69. Qae4# 1-0

[Event "*** SCC Grand Prix: Titled Tuesday Blitz"]
[Site "Chess.com"]
[Date "2020.09.29"]
[Round "2"]
[White "anon569"]
[Black "awesomevishesh"]
[Result "0-1"]
[WhiteElo "2231"]
[BlackElo "2431"]
[TimeControl "180+1"]
[EndTime "10:18:23 PDT"]
[Termination "awesomevishesh won by resignation"]

1. e4 c5 2. Nf3 d6 3. d4 cxd4 4.
Qxd4 Nf6 5. Nc3 Nc6 6. Bb5 Bd7 7. Bxc6 Bxc6 8. Bg5 e6 9. O-O-O Be7 10. Qd3 O-O 11. Nd4 Rc8 12. f4 Qa5 13. h4 a6 14. g4 Rfd8 15. Bxf6 Bxf6 16. g5 Bxd4 17. Qxd4 b5 18. Kb1 b4 19. Ne2 e5 20. Qe3 exf4 21.
Nxf4 Qe5 22. Rhe1 a5 23. Nd5 Re8 24. Qg1 Bxd5 25. Rxd5 Qf4 26. h5 Rxe4 27. Rc1 Rce8 28. g6 fxg6 29. hxg6 h6 30. Rdd1 Qh4 31. Qb6 Qf6 32.
Rxd6 Qf5 33. Rdd1 Re2 34. Qa6 R2e6 35. Qc4 Qxg6 36. Rg1 Qf7 37. Qb5 Rf6 38. Qd3 Rf8 39. Qg3 Rf3 40. Qe5 a4 41. Qd4 b3 42. cxb3 axb3 43. a3 Qf5+ 44. Ka1 Qf6 45. Qc4+ Kh8 46. Rb1 Rf2 47. Qb4 Rf3 48. Rgc1 Ra8 49. Qc5 Kh7 50. Rd1 Qf5 51. Rd4 Qxc5 52. Re4 Rxa3+ 0-1

[Event "*** SCC Grand Prix: Titled Tuesday Blitz"]
[Site "Chess.com"]
[Date "2020.09.29"]
[Round "2"]
[White "ChessAurochs"]
[Black "malakismayil"]
[Result "1-0"]
[WhiteElo "2574"]
[BlackElo "2325"]
[TimeControl "180+1"]
[EndTime "10:18:26 PDT"]
[Termination "ChessAurochs won by resignation"]

1. e4 e5 2. Nf3 Nc6 3. Bc4 Bc5 4. c3 Nf6 5. d3 d6 6. O-O O-O 7. Bb3 h6 8. h3 Bb6 9. Nbd2 Qe7 10. Nc4 Be6 11.
Ne3 Rad8 12. Nd5 Bxd5 13. exd5 Na5 14. Re1 Nxb3 15. Qxb3 Qd7 16. a4 a5 17. Be3 Bxe3 18. fxe3 b6 19. e4 Nh5 20. d4 Rde8 21. dxe5 dxe5 22.
Rad1 Qd6 23. Nd2 Qc5+ 24. Kh2 Nf4 25. Rf1 h5 26. Qc4 Qe3 27. Rf3 Qe2 28. Qxe2 Nxe2 29. g3 h4 30. gxh4 Nf4 31. Rg1 Kh7 32. Nc4 f5 33.
exf5 Rxf5 34. Rg5 g6 35. Rxf5 gxf5 36. d6 cxd6 37. Nxd6 Rd8 38. Nxf5 Rd2+ 39. Kg1 Rg2+ 40. Kf1 Rxb2 41. Re3 Kg6 42. Rxe5 Kf6 43. Re8 Kxf5 44. Rf8+ Ke4 45. Re8+ Kf3 46. h5 Rb1+ 47. Re1 Rb2 48. Re8 Rf2+ 49. Ke1 Rh2 50. h6 Rxh3 51. Rh8 Ke3 52.
Kd1 Kf3 53. h7 Rh1+ 54. Kc2 Rh2+ 55. Kb3 Ng6 56. Rg8 Kg4 57. Rxg6+ Kf5 58. Rxb6 Rxh7 59. Rb5+ Ke6 60. Rxa5 Rb7+ 61. Rb5 Kd6 62. Rxb7 1-0

[Event "*** SCC Grand Prix: Titled Tuesday Blitz"]
[Site "Chess.com"]
[Date "2020.09.29"]
[Round "2"]
[White "dpopadic"]
[Black "elcandado"]
[Result "0-1"]
[WhiteElo "2321"]
[BlackElo "2562"]
[TimeControl "180+1"]
[EndTime "10:18:26 PDT"]
[Termination "elcandado won on time"]

1. e4 d6 2. Nc3 Nf6 3. f4 c5 4. Nf3 Nc6 5. Bb5 e6 6. Bxc6+ bxc6 7. d3 Be7 8. O-O O-O 9. e5 Nd5 10. Ne4 f5 11. Nxd6 Bxd6 12. exd6 Qxd6 13. Ne5 Ba6 14.
b3 Nc3 15. Qe1 Nb5 16. Kh1 Nd4 17. Qf2 Rf6 18. Ba3 Qd5 19. c3 Nb5 20. c4 Qd8 21.
cxb5 Bxb5 22. Bxc5 Rh6 23. Rad1 a5 24. a4 Ba6 25. Nxc6 Qe8 26. Ne5 Bb7 27. Nf3 Qh5 28. h3 Ra6 29. Bd4 e5 30. Bxe5 Rag6 31. Kh2 Qg4 32. Rd2 Rh5 33. Rc2 h6 34. Rc7 Bd5 35. Rxg7+ Rxg7 36. Bxg7 Kxg7 37. Qd4+ Kg6 38. Qxd5 Qxf4+ 39. Kg1 Qg3 40. Qe4 fxe4 41. dxe4 Qf4 42.
Rf2 Qe3 43. Kf1 Rc5 44. Ne1 Rc1 45. Re2 Qf4+ 46. Kg1 Qg3 47. Kf1 Qxb3 48. e5 Qe6 49.
Kf2 Kf7 50. Nf3 Ke7 51. Kg3 Qg8+ 52. Kf2 Qc4 53. Kg3 Qc5 54. e6 Rc2 55. Rxc2 Qxc2 56. h4 Qg6+ 57. Kf2 h5 58. g3 Qc2+ 59. Ke3 Qxa4 60. Ng5 Qb3+ 61. Kf4 a4 62. Kf5 a3 63. Ne4 Qxe6+ 0-1

[Event "*** SCC Grand Prix: Titled Tuesday Blitz"]
[Site "Chess.com"]
[Date "2020.09.29"]
[Round "2"]
[White "xberli"]
[Black "mishanick"]
[Result "0-1"]
[WhiteElo "2605"]
[BlackElo "3007"]
[TimeControl "180+1"]
[EndTime "10:18:28 PDT"]
[Termination "mishanick won by resignation"]

1. e4 c5 2. Nf3 d6 3. d4 cxd4 4. Nxd4 Nf6 5. Nc3 a6 6. Bg5 e6 7. f4 Qb6 8. Qd2 Qxb2 9. Rb1 Qa3 10. Be2 Nc6 11. Nxc6 bxc6 12. O-O Be7 13. f5 exf5 14. Rb3 Qc5+ 15. Be3 Qa5 16. Bb6 Qe5 17. Bd4 Qe6 18.
exf5 Qd7 19. Na4 Qc7 20. Bb6 Qd7 21. Bd4 Bd8 22. Nb6 Bxb6 23. Rxb6 Nd5 24. Rb3 f6 25. Bh5+ Kf8 26. Re1 Qd8 27. c4 Nc7 28. Bb6 Bxf5 29. Re8+ Qxe8 30. Bxe8 Nxe8 31. Qf4 Bg6 32. Bc7 d5 33.
cxd5 cxd5 34. Re3 h5 35. Qb4+ Kg8 36. Re7 Nxc7 37. Rxc7 Kh7 38. Qe7 Rhg8 39. Qxf6 Rae8 40. Qd4 Re2 41. h3 Be4 42. g4 hxg4 43. hxg4 Rg2+ 44. Kf1 Rxg4 45. Qe5 Rf8+ 46. Ke2 Rf5 47. Qe8 Rg2+ 48. Ke3 Rg3+ 49. Kd4 Rd3+ 50. Kc5 Rc3+ 51. Kb6 Rf6+ 52. Kb7 Re3 53. Qh5+ Rh6 54. Qf7 d4+ 55. Ka7 Rg3 56. Qf8 d3 57. Rc8 d2 58. Qh8+ Kg6 59.
Qe8+ Kf5 60. Rc5+ Kf4 61. Qf7+ Ke3 62. Qc7 Rf3 63. Rc3+ Ke2 64. Rc2 Bxc2 65. Qxc2 Rd3 66. a4 Rhd6 0-1

[Event "*** SCC Grand Prix: Titled Tuesday Blitz"]
[Site "Chess.com"]
[Date "2020.09.29"]
[Round "2"]
[White "tk22h"]
[Black "antoszu"]
[Result "1/2-1/2"]
[WhiteElo "2318"]
[BlackElo "2602"]
[TimeControl "180+1"]
[EndTime "10:18:29 PDT"]
[Termination "Game drawn - insufficient material"]

1. c4 Nf6 2. Nc3 c5 3. Nf3 d5 4. cxd5 Nxd5 5. e3 e6 6. d4 Nc6 7.
Bd3 Nxc3 8. bxc3 Be7 9. O-O cxd4 10. exd4 O-O 11. Qe2 g6 12. Bh6 Re8 13. Be4 Bf6 14. Rfd1 Qc7 15. Rac1 b6 16. c4 Bb7 17. h4 Ne7 18. Bxb7 Qxb7 19. Ne5 Nf5 20. Bg5 Bg7 21. Qf3 Qxf3 22. Nxf3 Rac8 23. d5 exd5 24. cxd5 Nd6 25. Rc6 Ne4 26. Be3 Bf8 27. Rdc1 Rcd8 28. Rc7 Rxd5 29. Rxa7 Bc5 30. Bxc5 Nxc5 31. Rc2 h6 32. g3 Kg7 33. Kg2 Re6 34. Rd2 Rxd2 35. Nxd2 Rf6 36. Nc4 Nd3 37. f4 b5 38. Ne3 Re6 39. Nd5 Re2+ 40.
Kf3 Rb2 41. Ke3 Ne1 42. Rb7 Nc2+ 43. Ke4 Ne1 44. Ke3 Rxa2 45. Rxb5 Ra3+ 46. Kf2 Nd3+ 47. Kg2 Ra2+ 48. Kf3 Ne1+ 49. Ke3 Rg2 50. Ra5 Nc2+ 51. Kf3 Ne1+ 52. Ke3 Rb2 53. Nc3 Rb3 54. Kd2 Nf3+ 55. Kc2 Rb4 56. Ra7 Rd4 57. Nb5 Rd2+ 58. Kc3 Rg2 59. Nd6 Rxg3 60. Rxf7+ Kg8 61. Kc4 Rg4 62. Rf6 Nxh4 63. Kd5 Ng2 64. Ke5 Rg3 65. Ne4 Rg4 66. Nf2 Rg3 67. Ne4 Rg4 68. Nf2 Rxf4 69.
Rxf4 Nxf4 70. Kxf4 Kf7 71. Ng4 h5 72. Ne5+ Kf6 73.
Nxg6 Kxg6 74. Kg3 h4+ 75. Kh3 Kh5 76. Kh2 h3 77. Kxh3 1/2-1/2

[Event "*** SCC Grand Prix: Titled Tuesday Blitz"]
[Site "Chess.com"]
[Date "2020.09.29"]
[Round "2"]
[White "tigra"]
[Black "IMDT02"]
[Result "0-1"]
[WhiteElo "2821"]
[BlackElo "2547"]
[TimeControl "180+1"]
[EndTime "10:18:30 PDT"]
[Termination "IMDT02 won on time"]

1. Nf3 Nf6 2. c4 d6 3. Nc3 Nbd7 4. e4 e5 5. d4 Be7 6. Be2 O-O 7. O-O c6 8. Rb1 Qc7 9. d5 a5 10. b3 Nc5 11.
Nd2 Ne8 12. a3 f5 13. b4 axb4 14. axb4 Na6 15. Bd3 c5 16. bxc5 Nxc5 17. Bc2 Bg5 18. exf5 Bxf5 19. Bxf5 Rxf5 20. Nde4 Bxc1 21. Qxc1 Nxe4 22.
Nxe4 Rc8 23. Qe3 Rf4 24. Rfc1 Nf6 25. Nxf6+ gxf6 26. c5 dxc5 27. g3 Rd4 28. Qf3 Rf8 29. Qf5 Rxd5 30. Rb5 b6 31. Qe6+ Qf7 32. Qxb6 c4 33.
Rc5 Rxc5 34. Qxc5 Rd8 35. Qc6 Rd4 36. h4 Kg7 37. Kg2 h5 38. Rc3 Qd5+ 39. Qxd5 Rxd5 40.
Rxc4 Kg6 41. Rc8 Rd2 42. Kf3 Rd3+ 43. Ke4 Rd4+ 44. Ke3 Ra4 45. Rc3 Rd4 46. f3 Ra4 47.
Rc2 Ra3+ 48. Kf2 Rb3 49. Kg2 Rd3 50. Rc8 Rb3 51. Rg8+ Kh7 52. Rd8 Kg6 53. g4 hxg4 54.
fxg4 Rb4 55. h5+ Kg5 56. Rg8+ Kh6 57. Rg6+ Kh7 58. Kg3 Rf4 59. Kh3 Rf3+ 60. Kh4 Rf4 61. Kg3 Rf1 62. g5 fxg5 63. Rxg5 Rg1+ 64. Kh3 Rxg5 65.
Kh4 Kh6 0-1